 Dungeon Crawl Stone Soup version 0.25.1-2-g60ff931df9 (webtiles) character file.

Game seed: 4663814002796891327

192 jimbrad the Chopper (level 5, -6/46 HPs)
             Began as a Hill Orc Fighter on Nov 12, 2020.
             Mangled by an ogre
             ... wielding a +0 giant club
              (16 damage)
             ... on level 4 of the Dungeon on Nov 13, 2020.
             The game lasted 00:48:51 (3798 turns).

jimbrad the Chopper (Hill Orc Fighter)              Turns: 3798, Time: 00:48:51

Health: -6/46      AC:  5    Str: 19    XL:     5   Next: 71%
Magic:  5/5        EV: 12    Int:  8    God:
Gold:   181        SH: 11    Dex: 11    Spells: 4/4 levels left

rFire    . . .     SeeInvis .   G - +1 rapier
rCold    . . .     Gourm    .   q - +2 kite shield
rNeg     . . .     Faith    +   p - +0 ring mail
rPois    .         Spirit   .   (no helmet)
rElec    .         Reflect  .   (no cloak)
rCorr    .         Harm     .   (no gloves)
MR       .....                  (no boots)
Stlth    ++........             j - amulet of faith
HPRegen  0.15/turn              k - ring of stealth
MPRegen  0.09/turn              v - +4 ring of evasion

@: mighty
A: no striking features
a: no special abilities


You were on level 4 of the Dungeon.
You were hungry.

You visited 1 branch of the dungeon, and saw 4 of its levels.

You collected 181 gold pieces.

Inventory:

Hand Weapons
 a - a +0 war axe
 l - a +0 hand axe
 n - a +0 hand axe
 r - a +0 flail
 y - a +0 whip
 B - a +0 dagger
 G - a +1 rapier (weapon)
Missiles
 g - 70 stones (quivered)
 u - 5 large rocks
 x - 20 arrows
 J - 3 boomerangs
 K - 11 poisoned darts
Armour
 b - a +0 scale mail
 c - a +0 kite shield
 p - a +0 ring mail (worn)
 q - a +2 kite shield (worn)
 z - a +0 robe
 C - a +0 buckler
Jewellery
 j - an amulet of faith (around neck)
 k - a ring of stealth (left hand)
 v - a +4 ring of evasion (right hand)
Scrolls
 e - a scroll of identify {unknown}
 h - 2 scrolls of teleportation
 i - 3 scrolls of remove curse
 w - a scroll of amnesia {unknown}
 A - 3 scrolls of immolation
 D - 3 scrolls of fear {unknown}
 E - 2 scrolls of blinking {unknown}
 F - a scroll of enchant armour {unknown}
Potions
 m - 2 potions of mutation {unknown}
 o - a potion of berserk rage {unknown}
 s - a potion of haste {unknown}
 t - 2 potions of stabbing {unknown}
 H - 2 potions of degeneration {unknown}
Comestibles
 f - 4 rations


   Skills:
 + Level 4.1 Fighting
 + Level 1.3 Short Blades
 + Level 4.3 Axes
 + Level 0.3 Throwing
 + Level 4.1 Armour
 + Level 0.7 Dodging
 + Level 1.0 Stealth
 + Level 4.2 Shields


You had 4 spell levels left.
You didn't know any spells.
Your spell library was empty.

Dungeon Overview and Level Annotations

Branches:
Dungeon (4/15)
 Temple: D:4-7

Altars:
Kikubaaqudgha
Wu Jian


Message History

The ogre is too close now for your liking.
You now have 181 gold pieces (gained 19).
You feel sick.
You hit the ogre.
The ogre is lightly wounded.
The ogre closely misses you.
You hit the ogre.
The ogre is moderately wounded.
The ogre hits you with a +0 giant club!!
* * * LOW HITPOINT WARNING * * *
Unknown command.
Okay, then.
You feel very mighty all of a sudden.
You feel sick.
You are no longer poisoned.
You block the ogre's attack.
You hit the ogre.
The ogre is moderately wounded.
The ogre hits you with a +0 giant club!
You die...

## ...## ##.##...#
#### ...#....####..##
....#...##.....#
....#...##...# #####
........##...###...##
..!..O.##..#..##....#
#...##.O...#...##..##
#... ##...#....O@...#
..........#?#########
...........##
...........#
........#..#
.....[...#.#
.......## .# ...$..#
.#


You could see an ogre.

Vanquished Creatures
  An orc priest (D:3)
  Jessica (D:2)
  A worker ant (D:4)
  4 adders
  2 oozes
  A dart slug (D:2)
  A leopard gecko (D:3)
  7 orcs
  9 bats
  4 giant cockroaches
  2 goblins
  6 hobgoblins
  2 jackals (D:2)
  2 quokkas (D:3)
  4 ball pythons
  4 frilled lizards
  6 kobolds
  A quokka skeleton (D:3)
  3 rats
61 creatures vanquished.

Notes
Turn   | Place    | Note
-------+----------+-------------------------------------------
     0 | D:1      | jimbrad the Hill Orc Fighter began the quest for the Orb.
     0 | D:1      | Reached XP level 1. HP: 19/19 MP: 1/1
   508 | D:1      | Reached XP level 2. HP: 27/27 MP: 2/2
  1307 | D:2      | Reached XP level 3. HP: 31/33 MP: 3/3
  2035 | D:2      | Reached XP level 4. HP: 40/40 MP: 4/4
  2161 | D:2      | Noticed Jessica
  2187 | D:2      | Killed Jessica
  2679 | D:3      | Reached XP level 5. HP: 44/46 MP: 5/5
  2999 | D:3      | Found an ancient bone altar of Kikubaaqudgha.
  2999 | D:3      | Found an ornate altar of the Wu Jian Council.
  3505 | D:3      | Reached skill level 1 in Short Blades
  3774 | D:4      | Reached skill level 1 in Stealth
  3777 | D:4      | Noticed an ogre
  3798 | D:4      | Mangled by an ogre

Illustrated notes

Levels and vault maps discovered:
D:1:      dpeg_arrival_three_same_balls, layout_loops_ring
D:2:      layout_loops_corners, st_stairs_9, uniq_jessica
D:3:      layout_loops_ring, grunt_temple_overflow_open, first_ration
D:4:      layout_cave_pools, makhleb_heckhound_becter, gup_sewer_entry_spiral

Skill      XL: |  1  2  3  4  5 |
---------------+----------------+-----
Axes           | 3 4 |  4.3
Fighting       | 4 |  4.1
Shields        | 4 |  4.2
Armour         | 4 |  4.1
Short Blades   | 1 |  1.3
Stealth        | 1 |  1.0
Throwing       | |  0.3
Dodging        | |  0.7

Action                   |  1- 3 |  4- 6 || total
-------------------------+-------+-------++-------
Melee: War axe           |    99 |    58 ||   157
       Rapier            |       |    82 ||    82
Throw: Stone             |    10 |     1 ||    11
  Use: Scroll            |     1 |     3 ||     4
       Potion            |       |     1 ||     1
 Stab: Sleeping          |       |     2 ||     2
  Eat: Ration            |     1 |     1 ||     2
       Chunk             |     1 |     1 ||     2
Armor: Scale mail        |    14 |       ||    14
       Ring mail         |    28 |    40 ||    68
Dodge: Dodged            |    30 |    57 ||    87
Block: Kite shield       |    47 |    86 ||   133
